 Dungeon Crawl Stone Soup version 0.32-a0-22-g6ae6769602 (webtiles) character file.

Game seed: 1950865958014810752

75 DApurpleWHUMPUS the Ducker (level 4, -13/24 HPs)
             Began as a Deep Elf Air Elementalist on Jan 18, 2024.
             Killed by divine providence
             ... invoked by an orc priest
              (15 damage)
             ... on level 4 of the Dungeon.
             The game lasted 00:05:33 (3202 turns).

DApurpleWHUMPUS the Ducker (DEAE)                   Turns: 3202, Time: 00:05:34

Health: -13/24     AC:  2    Str:  5    XL:     4   Next: 11%
Magic:  4/11       EV: 14    Int: 20    God:
Gold:   178        SH:  0    Dex: 17    Spells: 6/10 levels left

rFire   . . .        (no weapon)
rCold   . . .        (no shield)
rNeg    + . .        a - +0 robe
rPois   .            (no helmet)
rElec   .            (no cloak)
rCorr   .            (no gloves)
SInv    .            (no boots)
Will    .....        (no amulet)
Stlth   ++           c - ring of positive energy
HPRegen 0.24/turn    (no ring)
MPRegen 0.12/turn

%: no passive effects
@: no status effects
A: no striking features
a: no special abilities


You were on level 4 of the Dungeon.
You visited 1 branch of the dungeon, and saw 4 of its levels.

You collected 178 gold pieces.

Inventory:

Armour
 a - a +0 robe (worn)
Jewellery
 c - a ring of positive energy (left hand)
Wands
 n - a wand of mindburst (5)
Scrolls
 d - 2 scrolls of immolation {unknown}
 f - a scroll of noise {unknown}
 g - 2 scrolls of amnesia {unknown}
 i - 4 scrolls of teleportation {unknown}
 k - a scroll of identify {unknown}
 l - a scroll of enchant armour {unknown}
 o - a scroll of fog {unknown}
Potions
 b - a potion of magic
 e - 4 potions of curing {unknown}
 h - a potion of invisibility {unknown}
 j - 2 potions of berserk rage {unknown}
 m - a potion of resistance {unknown}


   Skills:
 * Level 3.9 Dodging
 - Level 2.4 Stealth
 + Level 3.7 Spellcasting
 + Level 2.1 Conjurations
 + Level 3.4 Air Magic


You had 6 spell levels left.
You knew the following spells:

 Your Spells              Type           Power      Damage    Failure   Level
a - Shock                 Conj/Air       56%        1d6       4%          1
b - Swiftness             Air            17%        N/A       10%         3

Your spell library contained the following spells:

 Spells                   Type           Power      Damage    Failure   Level
 Static Discharge         Conj/Air       28%        3-5/arc   6%          2
 Airstrike                Air            8%         2d(2-18)  32%         4
 Volatile Blastmotes      Fire/Tloc      6%         2d10      36%         3
 Vhi's Electric Charge    Tloc/Air       20%        N/A       54%         4
 Fulminant Prism          Conj/Alch      4%         3d5       63%         4
 Iskenderun's Mystic Bla  Conj/Tloc      8%         2d4       63%         4
 Arcjolt                  Conj/Air       7%         1d17      75%         5
 Maxwell's Capacitive Co  Air            8%         ∞         100%        8


Dungeon Overview and Level Annotations

Branches:
Dungeon (4/15)
 Temple: D:4-7

Altars:

Shops:
D:3 =


Message History

The zap hits the orc but does no damage.
The orc is moderately wounded.
The zap hits the orc priest.
The orc priest is moderately wounded.
The orc hits you with a +0 hand axe.
The zap misses the orc.
The zap hits the orc priest.
The orc priest is heavily wounded.
The orc hits you with a +0 hand axe.
The zap hits the orc.
The orc is almost dead.
The zap misses the orc priest.
The orc hits you with a +0 hand axe.
The zap hits the orc.
You kill the orc!
The zap hits the orc priest but does no damage.
The orc priest is heavily wounded.
The zap hits the orc priest.
The orc priest is heavily wounded.
The orc priest invokes the aid of Beogh against you.
Beogh smites you!
Ouch! That really hurt!
* * * LOW HITPOINT WARNING * * *
You are too injured to fight recklessly!
Casting: Shock (safe; 4% risk of failure)
Confirm with . or Enter, or press ? or * to list all spells.
Aiming: Shock (safe; 4% risk of failure)
Press: ? - help, Shift-Dir - straight line, f/p - orc priest
Aim: an orc priest, wielding a +1 mace of protection (heavily wounded, 71% to hit)
The zap hits the orc priest.
The orc priest is almost dead.
Casting: Shock (safe; 4% risk of failure)
Confirm with . or Enter, or press ? or * to list all spells.
Aiming: Shock (safe; 4% risk of failure)
Press: ? - help, Shift-Dir - straight line, f/p - orc priest
Aim: an orc priest, wielding a +1 mace of protection (almost dead, 71% to hit)
The zap hits the orc priest.
The orc priest is almost dead.
The orc priest invokes the aid of Beogh against you.
Beogh smites you!
Ouch! That really hurt!
You die...

..# #.# #.#
#.# #.# #.#
#.# #@# #o#
#.# #.# #$#
####.####.#
.....<.<..#
....o.....#
......###.#


You could see an orc priest.

Vanquished Creatures
  2 adders
  2 dart slugs (D:2)
  An orc (D:4)
  4 ball pythons
  2 endoplasms (D:1)
  3 giant cockroaches
  6 goblins
  7 hobgoblins
  3 quokkas
  3 bats
  2 frilled lizards
  5 kobolds
  10 rats
50 creatures vanquished.

Notes
Turn   | Place    | Note
-------+----------+-------------------------------------------
     0 | D:1      | DApurpleWHUMPUS the Deep Elf Air Elementalist began the
                  | quest for the Orb.
     0 | D:1      | Reached XP level 1. HP: 10/10 MP: 6/6
   345 | D:1      | Reached XP level 2. HP: 15/15 MP: 5/8
  1460 | D:2      | Reached XP level 3. HP: 19/19 MP: 5/9
  2584 | D:3      | Found Quesig's Jewellery Shop.
  2866 | D:3      | Reached XP level 4. HP: 9/24 MP: 1/11
  3164 | D:3      | Learned a level 3 spell: Swiftness
  3200 | D:4      | HP: 1/24 [orc priest/divine providence (12)]
  3202 | D:4      | Killed from afar by an orc priest

Illustrated notes

Levels and vault maps discovered:
D:1:      nicolae_arrival_somewhat_less_tricky_arrival, layout_loops_ring,
          serial_forest, infiniplex_forest_clump_double,
          infiniplex_forest_clump_C, infiniplex_forest_lined_ring,
          infiniplex_forest_straight_3, infiniplex_forest_lined_room_,
          infiniplex_forest_lined_room_, infiniplex_forest_lined_2,
          infiniplex_forest_clump_long
D:2:      layout_basic
D:3:      layout_loops_ring, serial_shops, shop, dk_noncrumbling_2
D:4:      layout_loops_ring, uniq_eustachio

Skill      XL: |  1  2  3 |
---------------+----------+-----
Dodging        | 3 |  3.9
Conjurations   | 2 |  2.1
Stealth        | |  2.4
Spellcasting   | |  3.7
Air Magic      | |  3.4

Action                     |  1- 3 |  4- 6 || total
---------------------------+-------+-------++-------
  Melee: Unarmed           |     2 |       ||     2
   Cast: Shock             |   114 |     8 ||   122
 Armour: Robe              |    17 |     4 ||    21
  Dodge: Dodged            |    21 |     2 ||    23

Table legend: (Time is in decaauts)
 A = Elapsed time spent in this place.
 B = Non-inter-level travel time spent in this place.
 C = Inter-level travel time spent in this place.
 D = Time resting spent in this place.
 E = Time spent auto-exploring this place.
 F = Levels seen in this place.
 G = Mean time per level.
                   A        B        C        D        E       F      G
               +--------+--------+--------+--------+--------+-----+--------+
         Total |   3200 |   3122 |     78 |    201 |   2661 |   4 |  800.0 |
       Dungeon |   3200 |   3122 |     78 |    201 |   2661 |   4 |  800.0 |
               +--------+--------+--------+--------+--------+-----+--------+

Top non-repeatable levels by time:
     D:1: 1412 daAuts
     D:2: 927 daAuts
     D:3: 844 daAuts
     D:4: 15 daAuts
